 Dungeon Crawl Stone Soup version 0.22.1-1-ga44c0e5 (webtiles) character file.

16164 Fang the Cleaver (level 12, -6/121 HPs)
             Began as a Gargoyle Berserker on Sept 26, 2018.
             Was a High Priest of Trog.
             Killed from afar by a hell hog (34 damage)
             ... with a fireball
             ... on level 2 of the Abyss on Sept 27, 2018.
             The game lasted 00:18:20 (10884 turns).

Fang the Cleaver (Gargoyle Berserker)              Turns: 10884, Time: 00:18:21

Health: -6/121     AC: 19    Str: 31    XL:     12   Next: 34%
Magic:  12/12      EV: 16    Int: 18    God:    Trog [*****.]
Gold:   437        SH:  0    Dex:  9    Spells: 11/11 levels left

rFire    . . .     SeeInvis .   B - +9 hand axe of the Spider {chop, *Noise rPois rN+ Int+10}
rCold    . . .     Gourm    .   (no shield)
rNeg     + + .     Faith    .   b - +1 animal skin
rPois    ∞         Spirit   .   (no helmet)
rElec    +         Reflect  .   C - +2 cloak {rPois}
rCorr    .         Harm     .   (no gloves)
MR       .....                  (no boots)
Stlth    ..........             (no amulet)
HPRegen  0.30/turn              z - +2 ring of evasion
MPRegen  0.13/turn              A - +4 ring of protection

@: berserking, very quick
A: negative energy resistance 1, electricity resistance, unbreathing,
petrification resistance, rot immunity, AC +8
a: Berserk, Trog's Hand, Brothers in Arms, Renounce Religion


You were on level 2 of the Abyss.
You worshipped Trog.
Trog was extremely pleased with you.
You were near starving.

You visited 2 branches of the dungeon, and saw 11 of its levels.
You visited the Abyss 1 time.
You also visited: Sewer.

You collected 437 gold pieces.

Inventory:

Hand Weapons
 a - a +1 hand axe
 n - a +2 war axe of flaming
 B - the +9 hand axe of the Spider (weapon) {chop, *Noise rPois rN+ Int+10}
   (You found it on level 9 of the Dungeon)

   It inflicts extra damage upon your enemies.
   It affects your intelligence (+10).
   It protects you from poison.
   It protects you from negative energy.
   It may make noises in combat.
Missiles
 y - 3 tomahawks of returning (quivered)
Armour
 b - a +1 animal skin (worn)
 C - a +2 cloak of poison resistance (worn)
Jewellery
 h - an uncursed ring of resist corrosion
 i - an uncursed ring of flight
 z - a +2 ring of evasion (left hand)
 A - a +4 ring of protection (right hand)
Wands
 t - a wand of clouds (6)
 u - a wand of disintegration (15)
 w - a wand of polymorph (25)
 x - a wand of flame (19)
 G - a wand of digging (10)
Scrolls
 d - 2 scrolls of fog
 e - 3 scrolls of remove curse
 g - a scroll of blinking
 m - a scroll of vulnerability {unknown}
 v - 3 scrolls of identify
 E - a scroll of fear {unknown}
 F - 2 scrolls of magic mapping
 I - a scroll of enchant weapon
Potions
 f - 3 potions of flight
 j - 4 potions of agility
 k - 2 potions of brilliance
 l - 3 potions of might
 o - a potion of magic
 p - a potion of haste
 r - 3 potions of curing
 s - a potion of mutation
 D - a potion of degeneration {unknown}
 H - 2 potions of invisibility {unknown}
Comestibles
 c - 23 rations


   Skills:
 + Level 11.9 Fighting
 + Level 12.4 Axes
 + Level 2.3 Armour
 + Level 6.0 Dodging
 + Level 11.2 Stealth


You had 11 spell levels left.
You didn't know any spells.
Your spell library was empty.

Dungeon Overview and Level Annotations

Branches:
Dungeon (10/15)            Temple (1/1) D:6             Orc (0/2) D:10
   Lair: D:8-11

Altars:
Gozag
Kikubaaqudgha
The Shining One
Beogh

Shops:
D:6 [

Annotations:
D:10 Sonja


Innate Abilities, Weirdness & Mutations

You are resistant to torment.
Your stone body is resilient. (AC +8)
You are immune to poison.
You resist negative energy. (rN+)
You are resistant to electric shocks. (rElec)
You can survive without breathing.
You are immune to petrification.
You are immune to rotting.


Message History

You kill the raiju!
Trog accepts your kill.
You miss the raiju.
Unknown command.
You slash the hell hog!
The hell hog is moderately wounded.
You slash the raiju! You hit the raiju. The hell hog bites you!
* * * LOW HITPOINT WARNING * * *
The raiju bites you but does no damage.
You slash the raiju!
You kill the raiju!
Trog accepts your kill.
You slash the hell hog! You slash the raiju!
You kill the raiju!
Trog accepts your kill. The hell hog completely misses you.
The hell hog breathes fire at you.
The fireball explodes!
The fireball engulfs the hell hog.
The hell hog resists.
The fireball engulfs you!
You die...

.#.# ...#. .# # #
..#. .# .# # . #
##... .# ..# .
...h###(# #.# ..#
### # # .......#.#.#
# ...# #.........# .
. .#
#.#.###.......#.
.##...##.##†h##....#
.
###........@.......
#. #..
.#...##.#.#..... ##
#. ##.#### .# #.#.
#. .. ..# #... # .#
# .#.# #..# ...## #
..#..# #. ..##.# ##
#.# . .#. ## . # .#
## . #


You could see 2 hell hogs.

Vanquished Creatures
  2 two-headed ogres
  A hell hog (Abyss:2)
  A gargoyle (D:10)
  Maurice (D:9)
  A troll (D:9)
  4 raiju (Abyss:2)
  A hornet (D:10)
  A ynoxinul (Abyss:2)
  A wyvern (D:8)
  Menkaure (D:4)
  2 water moccasins
  10 orc warriors
  2 ice beasts
  A sky beast (D:7)
  A black bear (D:10)
  3 ogres
  5 centaurs
  7 big kobolds
  2 elf zombies (D:9)
  5 bullfrogs
  A water moccasin zombie (D:8)
  2 scorpions
  9 wights
  A troll skeleton (D:9)
  2 crimson imps
  A centaur zombie (D:10)
  2 human zombies (D:9)
  A bullfrog skeleton (D:4)
  3 hounds
  4 jellies
  9 orc priests
  Crazy Yiuf (D:6)
  11 orc wizards
  3 iguanas (D:7)
  8 worker ants
  A hound zombie (D:9)
  2 hound skeletons
  5 mummies (D:9)
  15 adders
  3 river rats (Sewer)
  2 shadow imps (D:7)
  7 oozes
  An adder zombie (D:9)
  2 adder skeletons
  4 worms
  10 leopard geckos
  63 orcs
  7 giant cockroaches
  10 goblins
  5 hobgoblins
  3 jackals (D:6)
  3 quokkas
  6 ball pythons (Sewer)
  4 bats
  7 frilled lizards
  A jackal zombie (D:8)
  26 kobolds
  A leopard gecko skeleton (D:4)
  An orc zombie (D:9)
  2 quokka skeletons
  8 rats
309 creatures vanquished.

Vanquished Creatures (collateral kills)
  A two-headed ogre (D:10)
  An orc knight (D:10)
  2 orc priests (D:10)
  A hound skeleton (D:10)
  4 orcs (D:10)
9 creatures vanquished.

Vanquished Creatures (others)
  A plant (D:2)
1 creature vanquished.

Grand Total: 319 creatures vanquished

Notes
Turn   | Place    | Note
-------+----------+-------------------------------------------
     0 | D:1      | Fang the Gargoyle Berserker began the quest for the Orb.
     0 | D:1      | Reached XP level 1. HP: 14/14 MP: 1/1
   148 | D:1      | Reached XP level 2. HP: 19/19 MP: 2/2
   721 | D:2      | Reached ** piety under Trog
   738 | D:2      | Reached skill level 3 in Axes
   743 | D:2      | Reached XP level 3. HP: 18/24 MP: 3/3
  1149 | D:2      | Reached XP level 4. HP: 5/29 MP: 4/4
  1797 | D:3      | Reached skill level 4 in Axes
  1934 | D:3      | Reached XP level 5. HP: 32/33 MP: 5/5
  2235 | D:3      | Found a glowing golden altar of the Shining One.
  2499 | D:4      | Reached *** piety under Trog
  2555 | D:4      | Found a glowing drain.
  2560 | Sewer    | Entered a sewer
  2644 | Sewer    | Reached skill level 1 in Stealth
  2655 | Sewer    | Noticed a big kobold
  2682 | Sewer    | Killed a big kobold
  2682 | Sewer    | Reached XP level 6. HP: 38/39 MP: 6/6
  2775 | Sewer    | Reached skill level 5 in Axes
  3308 | Sewer    | Reached XP level 7. HP: 43/44 MP: 7/7
  3350 | Sewer    | Reached skill level 5 in Fighting
  3908 | D:4      | Reached skill level 6 in Axes
  4167 | D:4      | Reached XP level 8. HP: 37/49 MP: 8/8
  4288 | D:4      | Noticed Menkaure
  4298 | D:4      | Killed Menkaure
  4762 | D:5      | Entered Level 5 of the Dungeon
  4796 | D:5      | Reached **** piety under Trog
  5023 | D:5      | Reached skill level 7 in Axes
  6150 | D:6      | Found a runed door.
  6191 | D:6      | Found Syuc's Antique Armour Shoppe.
  6263 | D:6      | Found a staircase to the Ecumenical Temple.
  6276 | Temple   | Entered the Ecumenical Temple
  6492 | D:6      | Noticed Crazy Yiuf
  6500 | D:6      | Killed Crazy Yiuf
  6593 | D:7      | Reached XP level 9. HP: 55/55 MP: 9/9
  6683 | D:7      | Reached skill level 8 in Axes
  6711 | D:7      | Reached skill level 5 in Dodging
  6729 | D:7      | Reached skill level 10 in Axes
  6729 | D:7      | Reached XP level 10. HP: 19/67 MP: 10/10
  6730 | D:7      | Reached skill level 11 in Axes
  6730 | D:7      | Reached skill level 10 in Stealth
  6730 | D:7      | Reached XP level 11. HP: 17/74 MP: 11/11
  7746 | D:8      | Noticed a two-headed ogre
  7756 | D:8      | Killed a two-headed ogre
  8069 | D:8      | Reached ***** piety under Trog
  8078 | D:8      | Received a gift from Trog
  8175 | D:8      | Found an opulent altar of Gozag.
  8399 | D:8      | Found a roughly hewn altar of Beogh.
  8810 | D:9      | Got a translucent hand axe
  8811 | D:9      | Identified the +9 hand axe of the Spider {chop, *Noise
                  | rPois rN+ Int+10} (You found it on level 9 of the Dungeon)
  8847 | D:9      | Found an ancient bone altar of Kikubaaqudgha.
  9013 | D:9      | Received a gift from Trog
  9188 | D:9      | Noticed a two-headed ogre
  9195 | D:9      | Killed a two-headed ogre
  9578 | D:9      | Noticed Maurice
  9592 | D:9      | Killed Maurice
 10025 | D:10     | Entered Level 10 of the Dungeon
 10036 | D:10     | Reached XP level 12. HP: 61/80 MP: 12/12
 10046 | D:10     | Reached skill level 12 in Axes
 10052 | D:10     | Noticed a two-headed ogre
 10425 | D:10     | Noticed Sonja
 10430 | D:10     | Found a roughly hewn altar of Beogh.
 10430 | D:10     | Found a staircase to the Orcish Mines.
 10461 | D:10     | Killed a two-headed ogre
 10753 | D:10     | Cast into level 2 of the Abyss (Sonja)
 10863 | Abyss:2  | Noticed a hell hog
 10865 | Abyss:2  | Noticed a hell hog
 10874 | Abyss:2  | Noticed a hell hog
 10877 | Abyss:2  | Killed a hell hog
 10884 | Abyss:2  | Killed from afar by a hell hog

Skill      XL: |  1  2  3  4  5  6  7  8  9 10 11 12 |
---------------+-------------------------------------+-----
Axes           | 3 4 5 6 7 10 11 12 | 12.4
Dodging        | 2 3 4 5 6 |  6.0
Fighting       | 4 5 6 9 11 | 11.9
Stealth        | 1 2 3 8 10 11 | 11.2
Armour         | |  2.3

Action                   |  1- 3 |  4- 6 |  7- 9 | 10-12 || total
-------------------------+-------+-------+-------+-------++-------
Melee: Hand axe          |   145 |   263 |   364 |   265 ||  1037
       War axe           |       |       |       |   144 ||   144
Invok: Berserk           |     2 |     2 |     4 |     7 ||    15
       Brothers in Arms  |       |       |       |     2 ||     2
  Use: Scroll            |       |     7 |    11 |     4 ||    22
       Potion            |       |       |     1 |     6 ||     7
 Stab: Sleeping          |       |       |     5 |    14 ||    19
  Eat: Chunk             |     2 |    10 |     7 |    10 ||    29
       Ration            |       |       |     2 |     3 ||     5
Armor: Animal skin       |    48 |    70 |   117 |   111 ||   346
Dodge: Dodged            |    97 |   143 |   233 |   262 ||   735
